 Dungeon Crawl Stone Soup version 0.27-a0-1196-g3e9cee4cb2 (webtiles) character file.

Game seed: 15267316375466415915

128 ZappyNine the Ducker (level 4, -1/37 HPs)
             Began as a Minotaur Gladiator on May 28, 2021.
             Slain by a worm (6 damage)
             ... on level 3 of the Dungeon.
             The game lasted 00:02:07 (1886 turns).

ZappyNine the Ducker (Minotaur Gladiator)           Turns: 1886, Time: 00:02:08

Health: -1/37      AC:  3    Str: 19    XL:     4   Next: 87%
Magic:  3/3        EV: 10    Int:  5    God:
Gold:   220        SH:  9    Dex: 12    Spells: 3/3 levels left

rFire    . . .     SeeInvis .   a - +0 long sword
rCold    + . .     Faith    .   f - +0 kite shield
rNeg     . . .     Spirit   .   b - +0 leather armour
rPois    .         Reflect  .   c - +0 hat
rElec    .         Harm     .   (no cloak)
rCorr    .         Rampage  .   (no gloves)
Will     .....                  (no boots)
Stlth    +.........             m - amulet of regeneration
HPRegen  1.12/turn              k - ring of protection from cold
MPRegen  0.08/turn              (no ring)

@: no status effects
A: horns 2, retaliatory headbutt
a: no special abilities


You were on level 3 of the Dungeon.
You visited 1 branch of the dungeon, and saw 3 of its levels.

You collected 220 gold pieces.

Inventory:

Hand Weapons
 a - a +0 long sword (weapon)
Missiles
 d - 3 throwing nets (quivered)
Armour
 b - a +0 leather armour (worn)
 c - a +0 hat (worn)
 f - a +0 kite shield (worn)
Jewellery
 k - a ring of protection from cold (left hand)
 m - an amulet of regeneration (around neck)
 r - a ring of fire
Wands
 s - a wand of mindburst (15)
Scrolls
 e - a scroll of enchant armour {unknown}
 h - a scroll of torment {unknown}
 j - a scroll of magic mapping {unknown}
 l - a scroll of brand weapon {unknown}
 n - a scroll of fear {unknown}
 o - 2 scrolls of identify {unknown}
Potions
 g - 3 potions of curing
 i - a potion of might {unknown}
 p - a potion of mutation {unknown}
 q - a potion of heal wounds {unknown}
 t - a potion of invisibility {unknown}


   Skills:
 - Level 2.4 Fighting
 - Level 4.3 Long Blades
 - Level 2.0 Throwing
 + Level 4.9 Dodging
 + Level 3.0 Shields


You had 3 spell levels left.
You didn't know any spells.
Your spell library was empty.

Dungeon Overview and Level Annotations

Branches:
Dungeon (3/15)

Altars:
Vehumet


Innate Abilities, Weirdness & Mutations

You have a pair of horns on your head.
You reflexively headbutt those who attack you in melee.


Message History

The gnoll hits you but does no damage. You block the gnoll's attack.
The gnoll hits you from afar with a +0 spear.
A worm comes into view.
You see here a +0 spear.
You slash the gnoll!
The gnoll is heavily wounded.
The gnoll hits you from afar with a +0 spear.
You block the gnoll's attack.
You hit the gnoll.
The gnoll is severely wounded.
The gnoll closely misses you. You block the gnoll's attack. x2
You barely miss the gnoll. Your headbutt misses the gnoll.
The gnoll is severely wounded.
The gnoll hits you with a +0 halberd! You block the gnoll's attack.
The gnoll barely misses you.
You riposte.
You slash the gnoll!
You kill the gnoll!
Your Shields skill increases to level 3!
The gnoll closely misses you. You furiously retaliate!
You headbutt the gnoll, but do no damage.
You riposte.
You slash the gnoll!
The gnoll is severely wounded.
The worm bites you.
You are too injured to fight recklessly!
You are too injured to fight recklessly!
You are too injured to fight recklessly!
You are too injured to fight recklessly!
You are too injured to fight recklessly!
There are monsters nearby!
There are monsters nearby!
Unknown command.
You closely miss the frilled lizard. You headbutt the frilled lizard.
You kill the frilled lizard!
You block the gnoll's attack. The worm barely misses you.
The gnoll hits you with a +0 spear!
* * * LOW HITPOINT WARNING * * *
The gnoll hits you from afar with a +0 spear!
* * * LOW HITPOINT WARNING * * *
You see here a +0 halberd.
The worm bites you.
You die...

### #.##...... .#
#...........# ..
..♣.♣.♣.♣.. ...
#........ ......
#♣.♣.♣g♣ .##..###
#.#......#
.......####..♣.♣w♣.♣
. #..##.......#.@.))#
.##..##.......♣.♣#♣.♣
.........<....#..##.#
.#######......#.....#
.#.....#.........#.##
.#.....#.......#.#.#
.#.._..'..####.....#
.#.....#.## #.....#
.#.....#.# ##....#


You could see a worm and a gnoll.

Vanquished Creatures
  Terence (D:2)
  2 gnolls (D:3)
  3 adders (D:2)
  3 ball pythons
  3 bats (D:1)
  5 endoplasms
  2 giant cockroaches
  6 goblins
  3 hobgoblins (D:1)
  9 jackals
  5 kobolds
  2 quokkas (D:1)
  4 frilled lizards
  6 rats
54 creatures vanquished.

Notes
Turn   | Place    | Note
-------+----------+-------------------------------------------
     0 | D:1      | ZappyNine the Minotaur Gladiator began the quest for the
                  | Orb.
     0 | D:1      | Reached XP level 1. HP: 18/18 MP: 0/0
   317 | D:1      | Reached XP level 2. HP: 22/25 MP: 1/1
   802 | D:1      | Reached XP level 3. HP: 26/30 MP: 2/2
   944 | D:1      | Reached skill level 1 in Shields
  1314 | D:2      | Noticed Terence
  1319 | D:2      | Killed Terence
  1353 | D:2      | Reached XP level 4. HP: 37/37 MP: 3/3
  1764 | D:3      | Found a radiant altar of Vehumet.
  1886 | D:3      | Slain by a worm

Illustrated notes

Levels and vault maps discovered:
D:1:      heliophobic_arrival_ceremonial_halls, layout_loops_ring
D:2:      layout_basic, uniq_terence
D:3:      layout_rooms, lemuel_coloured_pillars_altar, amcnicky_altar_gilded,
          serial_forest, infiniplex_forest_fountain,
          infiniplex_forest_lined_4_way, infiniplex_forest_3_way,
          infiniplex_forest_3_way, infiniplex_forest_lined_2,
          infiniplex_forest_lined_corner, infiniplex_forest_lined_room_2,
          infiniplex_forest_lined_2, serial_shops, shop, uniq_grinder

Skill      XL: |  1  2  3  4 |
---------------+-------------+-----
Long Blades    | 4 |  4.3
Dodging        | 4 |  4.9
Shields        | 2 3 |  3.0
Fighting       | |  2.4
Throwing       | |  2.0

Action                   |  1- 3 |  4- 6 || total
-------------------------+-------+-------++-------
Melee: Long sword        |    68 |    35 ||   103
       Headbutt          |    11 |     7 ||    18
Armor: Leather armour    |    23 |    10 ||    33
Dodge: Dodged            |    32 |    19 ||    51
Block: Kite shield       |    17 |    22 ||    39
       Rpst.: Long sword |     7 |     6 ||    13

Table legend: (Time is in decaauts)
 A = Elapsed time spent in this place.
 B = Non-inter-level travel time spent in this place.
 C = Inter-level travel time spent in this place.
 D = Time resting spent in this place.
 E = Time spent auto-exploring this place.
 F = Levels seen in this place.
 G = Mean time per level.
                   A        B        C        D        E       F      G
               +--------+--------+--------+--------+--------+-----+--------+
         Total |   1930 |   1892 |     38 |    212 |   1350 |   3 |  643.3 |
       Dungeon |   1930 |   1892 |     38 |    212 |   1350 |   3 |  643.3 |
               +--------+--------+--------+--------+--------+-----+--------+

Top non-repeatable levels by time:
     D:1: 1342 daAuts
     D:2: 463 daAuts
     D:3: 124 daAuts
